Map: [ESL] Babylon

Players

Has

  • Race: Protoss Protoss
  • Spawn Location: 5:00

Firefly - Winner!

  • Race: Protoss Protoss
  • Spawn Location: 11:00

Event: ESL SC2 Masters 2023 Summer (Regionals)

VOD

Have the link to the VOD?

Description

Time

  • Played on: May 20, 2023, 8:01 a.m.
  • Length: 7:58

All games in this series

Show
View Real Time Build Order
Export as new Build Order

Has Protoss 

Build Orders:  

Get SALT Encoding   

  12  0:00  Probe  
  13  0:13  Probe  
  14  0:25  Probe  
  15  0:34  Pylon  
  15  0:46  Assimilator  
  15  0:52  Probe, Forge  
  16  1:04  Probe  
  16  1:07  Pylon  
  16  1:10  Pylon  
  18  1:26  Photon Cannon  
  18  1:29  Photon Cannon  
  18  1:31  Probe  
  18  1:44  Probe  
  19  1:48  Assimilator  
  19  1:56  Probe  
  20  2:08  Probe (Chrono Boost)  
  21  2:15  Gateway  
  21  2:18  Probe (Chrono Boost)  
  22  2:23  Probe (Chrono Boost)  
  23  2:31  Pylon  
  23  2:34  Probe  
  24  2:38  Photon Cannon  
  24  2:46  Probe  
  25  2:54  Gateway  
  25  2:59  Probe  
  25  3:04  Cybernetics Core, Zealot  
  28  3:06  Gateway  
  26  3:14  Probe  
  26  3:15  Photon Cannon  
  27  3:26  Pylon  
  27  3:41  Stalker  
  29  3:45  Robotics Facility  
  29  3:48  Probe  
  30  3:54  Pylon  
  30  3:56  Pylon  
  30  4:03  Stalker, Warp Gate (Chrono Boost)  
  32  4:12  Assimilator  
  32  4:15  Shield Battery  
  32  4:16  Photon Cannon  
  34  4:38  Immortal (Chrono Boost)  
  34  4:42  Shield Battery  
  34  4:45  Pylon  
  34  4:50  Pylon  
  34  4:57  Pylon  
  32  5:08  Pylon  
  32  5:14  Immortal (Chrono Boost)  
  36  5:24  Pylon  
  36  5:40  Probe  
  36  5:43  Immortal (Chrono Boost)  
  35  6:03  Zealot, Sentry  
  39  6:05  Gateway  
  39  6:26  Adept x2  
  39  6:47  Adept  
  39  6:48  Adept  
  41  7:07  Warp Prism (Chrono Boost)  
  40  7:22  Adept  
  41  7:24  Adept  
  43  7:31  Adept  
Show
View Real Time Build Order
Export as new Build Order

Firefly Protoss - Winner!

Build Orders:  

Get SALT Encoding   

  12  0:00  Probe  
  13  0:12  Probe  
  14  0:18  Pylon  
  14  0:24  Probe  
  15  0:36  Gateway  
  15  0:38  Probe (Chrono Boost)  
  16  0:48  Probe (Chrono Boost), Assimilator  
  17  0:53  Probe (Chrono Boost)  
  18  1:04  Probe  
  19  1:14  Pylon  
  19  1:17  Probe  
  20  1:21  Zealot (Chrono Boost)  
  22  1:29  Probe  
  23  1:33  Cybernetics Core  
  23  1:40  Zealot  
  23  1:42  Assimilator  
  25  1:48  Probe  
  24  2:05  Probe  
  24  2:06  Gateway  
  24  2:07  Stalker (Chrono Boost)  
  27  2:20  Warp Gate (Chrono Boost)  
  28  2:25  Pylon  
  29  2:48  Assimilator  
  29  2:50  Robotics Facility  
  27  2:56  Shield Battery  
  27  2:57  Gateway  
  27  2:59  Shield Battery  
  27  3:04  Shield Battery  
  27  3:12  Stalker  
  29  3:24  Gateway  
  29  3:37  Warp Prism  
  31  3:49  Shield Battery  
  31  4:04  Pylon  
  31  4:05  Pylon  
  31  4:24  Stalker  
  31  4:25  Stalker x2  
  37  4:50  Stalker x3  
  43  5:14  Stalker x2  
  47  5:22  Pylon  
  45  5:44  Stalker x3  
  49  6:07  Adept x3  
  49  6:08  Pylon  
  53  6:26  Immortal (Chrono Boost)  
  56  6:36  Sentry  
  56  6:50  Pylon  
  52  7:00  Shield Battery  
  52  7:05  Sentry  
  52  7:07  Immortal (Chrono Boost)  
  55  7:19  Pylon  
  55  7:20  Adept  
  58  7:22  Probe  
  58  7:31  Twilight Council  
  58  7:41  Sentry x2  
Tags
 
Add a new tag
Caveats
  • Supply blocks, unpowered buildings, or Contaminate may cause inaccurate times.
  • Supply counts are checked every 10 seconds.